[Event "*** Titled Tuesday Blitz"]
[Site "Chess.com"]
[Date "2021.02.02"]
[Round "4"]
[White "albi1999"]
[Black "anon132639"]
[Result "0-1"]
[WhiteElo "2620"]
[BlackElo "2808"]
[TimeControl "180+1"]
[EndTime "10:42:38 PST"]
[Termination "anon132639 won by resignation"]

1. d4 Nf6 2. c4 b6 3. Nf3 Bb7 4.
g3 g6 5. Bg2 Bg7 6. O-O O-O 7.
Qc2 d6 8. Nc3 Nbd7 9. Rd1 Qe8 10. e4 e5 11. h3 c6 12. Be3 Qe7 13. Re1 a6 14. a4 a5 15. Rad1 Rad8 16. b3 exd4 17.
Nxd4 Nc5 18. f4 Nfd7 19. Bf2 Rfe8 20. Rd2 Na6 21. Qd1 Ndc5 22. Ree2 Nb4 23. Na2 Nxa2 24. Rxa2 h5 25. Rad2 h4 26. g4 Qf6 27. Qe1 Qxf4 28.
Bxh4 Rd7 29. Bg3 Qg5 30. Nf3 Qd8 31. e5 dxe5 32. Rxd7 Nxd7 33. Bh4 Qc7 34. Ng5 c5 35. Qf1 Nf6 36. Bxb7 Qxb7 37. Rf2 Qc6 38. Nxf7 Kxf7 39.
Bxf6 Bxf6 40. g5 Re6 41. gxf6 Rxf6 42. Rxf6+ Qxf6 43. Qg2 Qd6 44. Qb7+ Kf6 45. Qf3+ Kg7 46. Qb7+ Kh6 47. Qf3 Qd4+ 48. Kg2 Qd2+ 49. Kg3 Qg5+ 50. Kf2 Qf4 51. Ke2 Qxf3+ 52. Kxf3 Kg5 53. Ke4 Kf6 54.
h4 Ke6 0-1

[Event "*** Titled Tuesday Blitz"]
[Site "Chess.com"]
[Date "2021.02.02"]
[Round "4"]
[White "MatyChess1"]
[Black "Zmeeed63"]
[Result "1-0"]
[WhiteElo "2593"]
[BlackElo "2370"]
[TimeControl "180+1"]
[EndTime "10:42:38 PST"]
[Termination "MatyChess1 won by resignation"]

1. e4 c5 2. Nf3 e6 3. g3 Nc6 4.
Bg2 Nf6 5. Qe2 d5 6. exd5 Nxd5 7. O-O Be7 8. Rd1 Qb6 9. Na3 O-O 10. Nc4 Qc7 11. d4 cxd4 12. Nxd4 Nxd4 13. Rxd4 Bf6 14. Rd1 Bd7 15. Ne3 Nxe3 16. Bxe3 Bc6 17. Bf4 Qb6 18.
Bxc6 Qxc6 19. Rd6 Qc5 20. c3 Rfd8 21. Rad1 Rxd6 22. Bxd6 Qc6 23. Be5 Rd8 24. Bxf6 Rxd1+ 25. Qxd1 gxf6 26. Qd4 Qa6 27. Qxf6 Qxa2 28. b4 Qb1+ 29.
Kg2 Qe4+ 30. Kh3 Qd5 31. f4 a6 32. Kg4 Qd1+ 33. Kh4 Qd5 34. Qg5+ Qxg5+ 35. Kxg5 Kg7 36.
c4 h6+ 37. Kh5 Kh7 38. c5 Kg7 39. g4 f6 40. h4 Kh7 41. g5 hxg5 42. hxg5 Kg7 43. Kh4 Kg6 44. Kg4 fxg5 45. fxg5 e5 46. Kh4 Kf5 47. Kh5 e4 48. g6 e3 49. g7 e2 50.
g8=Q e1=Q 51. Qf8+ Ke4 52. Qe7+ Kf3 53. Qxe1 1-0

[Event "*** Titled Tuesday Blitz"]
[Site "Chess.com"]
[Date "2021.02.02"]
[Round "4"]
[White "CM_rui"]
[Black "Nozdrachev_Leonid"]
[Result "1-0"]
[WhiteElo "2357"]
[BlackElo "2523"]
[TimeControl "180+1"]
[EndTime "10:42:38 PST"]
[Termination "CM_rui won on time"]

1. e4 d6 2. d4 Nf6 3. Nc3 e5 4. Nf3 Nbd7 5. Be2 Be7 6. O-O O-O 7. h3 c6 8. Be3 b5 9. a3 a5 10. d5 cxd5 11. Nxd5 Nxe4 12. Nxe7+ Qxe7 13. Qd5 Rb8 14.
Qxe4 Bb7 15. Qf5 g6 16. Qg5 Qxg5 17. Bxg5 Rfc8 18. c3 f6 19. Be3 Bc6 20. Rfd1 d5 21.
Nh2 Kf7 22. f4 b4 23. axb4 axb4 24. Ra7 bxc3 25. bxc3 Rb2 26. Ba6 Ra8 27. Rxa8 Bxa8 28. Nf3 Rc2 29. Rc1 Ra2 30. Bb5 exf4 31. Bxf4 Nc5 32.
Nd4 Ne4 33. Be3 g5 34. Bc6 Bxc6 35. Nxc6 Ke6 36. Nd4+ Ke5 37. Rf1 Nxc3 38. Rf5+ Kd6 39. Rxf6+ Ke7 40. Bxg5 Ra1+ 41. Kh2 Kd7 42. Rf7+ Kd6 43.
Bf4+ Kc5 44. Nb3+ Kc4 45. Nxa1 d4 46. Nc2 Kd3 47. Nxd4 Kxd4 48. Rxh7 Ne4 49. Rd7+ Kc5 50. g4 Nf6 51. Rc7+ Kd5 52. g5 Nh5 53. g6 1-0

[Event "*** Titled Tuesday Blitz"]
[Site "Chess.com"]
[Date "2021.02.02"]
[Round "4"]
[White "GiorgianBarbosa"]
[Black "lucachess49"]
[Result "1-0"]
[WhiteElo "2494"]
[BlackElo "2321"]
[TimeControl "180+1"]
[EndTime "10:42:38 PST"]
[Termination "GiorgianBarbosa won on time"]

1. d4 Nf6 2. c4 e6 3. Nc3 Bb4 4. e3 O-O 5. Ne2 Re8 6. a3 Bf8 7. Nf4 d6 8. Be2 e5 9. dxe5 dxe5 10. Qxd8 Rxd8 11. Nfd5 Nxd5 12. Nxd5 Na6 13. b4 c6 14. Nc3 Bf5 15. e4 Be6 16. Bb2 Rd4 17. c5 Rad8 18.
Rd1 Bb3 19. Rxd4 exd4 20. Nb1 d3 21. Bf3 b6 22. Nd2 Ba2 23. cxb6 axb6 24. O-O c5 25. b5 Nc7 26. a4 Ne6 27. Ra1 c4 28. Rxa2 c3 29.
Bxc3 Rc8 30. Nb1 Bb4 31. Bd2 Rc2 32. Ra1 Bxd2 33. Nxd2 Rxd2 34. Rd1 Rxd1+ 35. Bxd1 Nc5 36. f3 Kf8 37. Kf2 Ke7 38. Ke3 Kd6 39. Kd4 f6 40.
f4 g5 41. e5+ Ke7 42. exf6+ Kxf6 43. fxg5+ Kxg5 44. a5 Ne6+ 45. Ke5 Nf8 46. a6 Nd7+ 47. Kd6 Nc5 48. a7 Ne4+ 49. Ke5 Nc3 50. Bf3 d2 51. a8=Q 1-0

[Event "*** Titled Tuesday Blitz"]
[Site "Chess.com"]
[Date "2021.02.02"]
[Round "4"]
[White "Piotrek1979"]
[Black "cukin84"]
[Result "1-0"]
[WhiteElo "2331"]
[BlackElo "2123"]
[TimeControl "180+1"]
[EndTime "10:42:38 PST"]
[Termination "Piotrek1979 won by resignation"]

1. Nf3 f5 2. b3 Nf6 3. Bb2 g6 4. e3 Bg7 5. c4 d6 6. Be2 e5 7.
d4 e4 8. Nfd2 O-O 9. Nc3 Nc6 10.
a3 Kh8 11. Qc2 Qe8 12. O-O-O a6 13. h3 Nh5 14. g4 Nf6 15. gxf5 gxf5 16. Rdg1 Rg8 17.
Rg3 Bh6 18. Rhg1 Rxg3 19. Rxg3 Bd7 20. Kb1 Qf7 21. d5 Ne5 22. f4 Ng6 23. Ncxe4 fxe4 24. Nxe4 Bg7 25. Ng5 Qe8 26. Bd3 Nh5 27. Bxg7+ Kxg7 28. Qc3+ Kh6 29. Rf3 Nh4 30. Rg3 Nxg3 31. Qf6+ Ng6 32.
Nf7+ Qxf7 33. Qxf7 Be8 34. Qf6 Bd7 35. Qg5+ Kg7 36.
Qxg3 Re8 37. f5 Bxf5 38. Bxf5 Kf6 39. Bxg6 hxg6 40. Qf4+ Kg7 41. h4 Rf8 42. Qg5 Rf5 43. Qe7+ Kh6 44. Qxc7 Rf2 45. Qxd6 Rf1+ 46. Kc2 Rf2+ 47.
Kd3 Kh5 48. Qg3 Rf5 49. e4 1-0

[Event "*** Titled Tuesday Blitz"]
[Site "Chess.com"]
[Date "2021.02.02"]
[Round "4"]
[White "CrushingKings"]
[Black "Jospem"]
[Result "0-1"]
[WhiteElo "2348"]
[BlackElo "3044"]
[TimeControl "180+1"]
[EndTime "10:42:39 PST"]
[Termination "Jospem won by resignation"]

1. e4 e5 2. Nf3 Nc6 3. Bc4 Bc5 4. c3 Nf6 5. d3 d6 6. O-O a5 7.
Nbd2 O-O 8. Bb3 Be6 9. Bc2 h6 10. h3 d5 11. Qe2 Re8 12. Re1 a4 13. Nf1 d4 14. c4 a3 15. b3 Bb4 16. Bd2 Bxd2 17.
Qxd2 Nd7 18. b4 Qe7 19. Reb1 b5 20. cxb5 Na7 21. Ba4 Nb6 22. Bd1 Bd7 23. Rc1 Nxb5 24. Rc5 Qd6 25. Bb3 Nc3 26. Ng3 Nba4 27. Bxa4 Rxa4 28.
Rxc3 dxc3 29. Qxc3 Rxb4 30. Nd2 Be6 31. Qxa3 Rd8 32.
Rc1 c5 33. Nf3 c4 34. Nxe5 Rb1 35. Qc3 Rxc1+ 36. Qxc1 Qxe5 37. dxc4 Rc8 38. Qe3 Rxc4 39. Kh2 Rc3 40. Qb6 h5 41. h4 Kh7 42. a4 Qf6 43. Qb2 Qxh4+ 44. Kg1 Rb3 45. Qc2 Qg4 46. e5+ Qg6 47.
Qd2 Rb1+ 48. Kh2 Ra1 49. Ne2 Rxa4 50. Nf4 Qf5 51. g3 Rxf4 52. gxf4 h4 53. Qe3 Qg4 54.
Qe4+ Bf5 55. Qe3 h3 56. Qg3 Qxg3+ 57. Kxg3 Kg6 58. f3 Be6 59. Kh2 Kf5 60. Kg3 g6 61. Kxh3 Kxf4+ 62. Kh4 Kxe5 63. Kg5 Bf5 64. f4+ Ke4 65. Kf6 Kxf4 66. Kxf7 g5 67. Kf6 g4 0-1

[Event "*** Titled Tuesday Blitz"]
[Site "Chess.com"]
[Date "2021.02.02"]
[Round "4"]
[White "JTCoach"]
[Black "Grimlock_Glasgow"]
[Result "1-0"]
[WhiteElo "2690"]
[BlackElo "2490"]
[TimeControl "180+1"]
[EndTime "10:42:39 PST"]
[Termination "JTCoach won on time"]

1. d4 e6 2. Nf3 f5 3. g3 Nf6 4.
Bg2 d5 5. O-O Be7 6. b3 Ne4 7.
c4 Nc6 8. Ba3 Bf6 9. e3 h5 10.
h4 g5 11. hxg5 Bxg5 12. Nxg5 Qxg5 13. Nd2 h4 14. Nf3 Qg7 15. Nxh4 Bd7 16. b4 O-O-O 17. b5 Na5 18. cxd5 exd5 19. Qf3 Rxh4 20. gxh4 Nc4 21.
Bb4 Rg8 22. Rfc1 Bxb5 23. Rab1 Ncd2 24. Bxd2 Nxd2 25. Qg3 Qxg3 26. fxg3 Nxb1 27. Rxb1 Bd3 28. Rd1 Be4 29. Kf2 Bxg2 30. Kxg2 Kd7 31. Kf3 b6 32. h5 Ke6 33. Rc1 Rc8 34. h6 c5 35. h7 c4 36.
Rh1 Rh8 37. Kf4 Kf6 38. Rh6+ Kg7 39. Rd6 Rxh7 40. Rxd5 Kg6 41. Rd6+ Kf7 42. Kxf5 Rh5+ 43. Ke4 Ke7 44. Rc6 b5 45. d5 Kd7 46. Kd4 Rh1 47.
e4 Rd1+ 48. Ke5 1-0

[Event "*** Titled Tuesday Blitz"]
[Site "Chess.com"]
[Date "2021.02.02"]
[Round "4"]
[White "Paralinch"]
[Black "Evgeny81"]
[Result "1-0"]
[WhiteElo "2897"]
[BlackElo "2743"]
[TimeControl "180+1"]
[EndTime "10:42:40 PST"]
[Termination "Paralinch won by resignation"]

1. d4 Nf6 2. c4 e6 3. Nf3 Bb4+ 4. Nbd2 b6 5. a3 Bxd2+ 6. Qxd2 Bb7 7. e3 O-O 8. Be2 d6 9. O-O Nbd7 10. b4 Ne4 11. Qc2 f5 12. Bb2 Qe7 13. d5 Rae8 14. Nd4 exd5 15.
cxd5 Bxd5 16. Bc4 Bxc4 17. Qxc4+ Qf7 18. Qxc7 Ne5 19. Qxf7+ Rxf7 20. Rac1 Nd3 21. Rc2 Nxb2 22. Rxb2 Rc8 23. f3 Nc3 24. Rc2 Rc4 25. Nb5 Nxb5 26.
Rxc4 Nxa3 27. Rc8+ Rf8 28. Rfc1 Nb5 29. Kf2 Kf7 30.
Ke2 Rxc8 31. Rxc8 h5 32. h4 d5 33. Kd3 Ke6 34. Ra8 g6 35. Rg8 Kf7 36. Rd8 Ke6 37.
Ra8 Ke7 38. e4 dxe4+ 39. fxe4 fxe4+ 40. Kxe4 Ke6 41. Re8+ Kf6 42. Rd8 Ke7 43. Ra8 Ke6 44.
Kf4 Kf6 45. Rd8 Ke7 46. Rd5 Nc3 47. Rd3 Nb5 48. Ke5 a5 49. bxa5 bxa5 50. Rd5 Na7 51.
Rc5 Kd7 52. Kd5 Nc8 53. Rxa5 Nb6+ 54. Ke4 Ke7 55. Ra6 Nd7 56. Rxg6 1-0

[Event "*** Titled Tuesday Blitz"]
[Site "Chess.com"]
[Date "2021.02.02"]
[Round "4"]
[White "OhanyanEminChess"]
[Black "Katheksis"]
[Result "1/2-1/2"]
[WhiteElo "2646"]
[BlackElo "2499"]
[TimeControl "180+1"]
[EndTime "10:42:40 PST"]
[Termination "Game drawn - insufficient material"]

1. e4 c5 2. Nf3 g6 3. d4 cxd4 4. Nxd4 Nc6 5. Nc3 Bg7 6. Be3 Nf6 7. Nxc6 bxc6 8. e5 Ng8 9. Bd4 Qa5 10. Bc4 Bxe5 11. O-O Nf6 12. Re1 d6 13. Bxe5 dxe5 14. Qe2 O-O 15. Qxe5 Qxe5 16. Rxe5 e6 17. Bb3 Rd8 18.
Rd1 Rxd1+ 19. Nxd1 Kf8 20. Ra5 Ke7 21. Ne3 Nd5 22.
c4 Nxe3 23. fxe3 Kd6 24. c5+ Kc7 25. Ra4 a5 26. Rh4 h5 27. g4 hxg4 28. Rh7 a4 29.
Rxf7+ Kb8 30. Bd1 Ra5 31. Rf4 Rxc5 32. Bxa4 e5 33. Rb4+ Kc7 34. Kf2 Bf5 35. Bb3 Rc1 36.
Rc4 Rb1 37. Kg3 Rxb2 38. e4 Be6 39. Rc3 Bxb3 40. axb3 Kd6 41. Rd3+ Kc5 42. Kxg4 Rxh2 43.
Kg5 Re2 44. Kxg6 Rxe4 45. Kf5 Re1 46. Ke6 e4 47. Rc3+ Kb5 48. Ke5 c5 49. Rc4 e3 50.
Ke4 Rb1 51. Rc2 Rxb3 52. Kd5 Rd3+ 53. Ke4 c4 54. Rc1 Rb3 55. Kd4 Kb4 56. Rxc4+ Ka3 57. Rc2 Rb2 58. Rc3+ Rb3 59. Rc8 e2 60. Re8 Rb2 61. Kc3 Ka2 62. Kd3 Kb1 63. Rxe2 Rxe2 64. Kxe2 1/2-1/2

[Event "*** Titled Tuesday Blitz"]
[Site "Chess.com"]
[Date "2021.02.02"]
[Round "4"]
[White "Fluke180"]
[Black "GMMarcinDziuba"]
[Result "1-0"]
[WhiteElo "2408"]
[BlackElo "2610"]
[TimeControl "180+1"]
[EndTime "10:42:41 PST"]
[Termination "Fluke180 won on time"]

1. d4 f5 2. Nc3 d5 3. Bg5 Nf6 4. f3 h6 5. Bxf6 exf6 6. e4 Bb4 7. exf5 Qe7+ 8. Ne2 Bxf5 9. Qd2 O-O 10. O-O-O c6 11.
Ng3 Bh7 12. Bd3 f5 13. Rde1 Qf6 14. a3 Bd6 15. Qf2 Nd7 16. Re2 Rf7 17. Kb1 f4 18. Bxh7+ Kxh7 19. Nf1 Re7 20. Rxe7 Qxe7 21. Nd2 Re8 22.
Rf1 b5 23. g3 a5 24. gxf4 Bxf4 25. Nb3 a4 26. Nc1 b4 27. axb4 Qxb4 28. Nd3 Qd6 29. Nxf4 Qxf4 30. Rg1 a3 31. Qg2 Qf6 32. Qg4 Nb6 33.
bxa3 Nc4 34. h4 Re3 35. Na2 Rxa3 36. Nb4 Rxf3 37. Nxc6 Rf1+ 38. Rxf1 Qxf1+ 39. Ka2 Qf8 40. Kb1 Qf6 41. Nb4 Nd2+ 42. Kc1 Nc4 43. Kb1 Qf1+ 44. Ka2 Qf7 45. Kb1 h5 46. Qe2 g6 47. c3 Qf5+ 48.
Ka2 Qd7 49. Kb3 Qa7 50. Kc2 Qa4+ 51. Kd3 Qd7 52. Qf3 Kg7 53. Nxd5 1-0

[Event "*** Titled Tuesday Blitz"]
[Site "Chess.com"]
[Date "2021.02.02"]
[Round "4"]
[White "DenLaz"]
[Black "Volodar_Murzin"]
[Result "0-1"]
[WhiteElo "2827"]
[BlackElo "2614"]
[TimeControl "180+1"]
[EndTime "10:42:42 PST"]
[Termination "Volodar_Murzin won by checkmate"]

1. d4 Nf6 2. c4 g6 3. g3 Bg7 4. Bg2 O-O 5. Nc3 d6 6. Nf3 Nbd7 7. O-O e5 8. e4 a6 9. h3 exd4 10. Nxd4 Ne5 11. b3 Nh5 12. Be3 b5 13. cxb5 axb5 14. Ndxb5 Ba6 15. Qc2 c6 16. Nd4 Bxf1 17. Rxf1 Ra6 18.
Na4 Qa8 19. g4 Nf6 20. f4 Ned7 21. g5 Nh5 22. f5 Be5 23. Nf3 Bf4 24. Bf2 Ne5 25.
h4 Re8 26. Nd4 Ng4 27. Ne2 Bh2+ 28. Kh1 Nxf2+ 29. Rxf2 Be5 30. Bf3 Qa7 31. Rf1 Qe3 32. Qc1 Qd3 33. Qd1 Ng3+ 34. Nxg3 Qxd1 35. Rxd1 Bxg3 36.
h5 gxf5 37. exf5 d5 38. Kg2 Bf4 39. g6 hxg6 40. hxg6 fxg6 41. fxg6 Kg7 42. Kf2 Bh6 43. Rh1 Re7 44. Be2 Ra8 45. Bd3 Rf8+ 46. Kg2 Re3 47. Rd1 Rff3 48. Bf1 Rg3+ 49. Kh1 Ref3 50. Nc5 Rxg6 51.
Bg2 Rf2 52. Rg1 Bf4 53. Bh3 Rh2# 0-1

[Event "*** Titled Tuesday Blitz"]
[Site "Chess.com"]
[Date "2021.02.02"]
[Round "4"]
[White "ukchessbomber"]
[Black "KNCP_719"]
[Result "1-0"]
[WhiteElo "2396"]
[BlackElo "2583"]
[TimeControl "180+1"]
[EndTime "10:42:42 PST"]
[Termination "ukchessbomber won on time"]

1. d4 d5 2. c4 c6 3. Nc3 Nf6 4.
cxd5 cxd5 5. Bf4 Nc6 6. e3 Bf5 7. Qb3 Na5 8. Qa4+ Bd7 9. Qc2 e6 10. Bd3 Rc8 11. Nf3 Be7 12. O-O Nc6 13. a3 O-O 14.
Qe2 a6 15. h3 b5 16. e4 dxe4 17. Nxe4 Nd5 18. Bh2 Bf6 19. Nxf6+ Qxf6 20. Qe4 g6 21. Ne5 Nxe5 22. Bxe5 Qe7 23. Rac1 Bc6 24. Qe1 Rfd8 25. Qa5 Bb7 26. Qd2 f6 27. Bg3 Kg7 28. Rfe1 Qd7 29. Be4 Re8 30. Rc5 Nb6 31. Qb4 Bxe4 32. Rxe4 Nd5 33.
Qa5 Rxc5 34. dxc5 Qc6 35. Bd6 e5 36. Qd2 Nf4 37. f3 Rd8 38. Rxe5 fxe5 39. Bxe5+ Kf7 40. Qxf4+ Ke8 41. Bd6 Kd7 42. Qf7+ Kc8 43. Qxh7 g5 44. Qf5+ Kb7 45. Qxg5 Rd7 46. Qe5 Rf7 47. Qe6 Rd7 48. Qe5 Rf7 49. Kh2 Rh7 50. b4 Qd7 51. Qe4+ Ka7 52. Bg3 Rg7 53. c6 Qe7 54. Bf2+ Kb8 55. Qf4+ Kc8 56. Bg3 1-0

[Event "*** Titled Tuesday Blitz"]
[Site "Chess.com"]
[Date "2021.02.02"]
[Round "4"]
[White "olksuna"]
[Black "Skat2704"]
[Result "1/2-1/2"]
[WhiteElo "2691"]
[BlackElo "2504"]
[TimeControl "180+1"]
[EndTime "10:42:43 PST"]
[Termination "Game drawn by repetition"]

1. e4 c5 2. Nf3 Nc6 3. d4 cxd4 4. Nxd4 Nf6 5. Nc3 e6 6. a3 Bc5 7. Be3 Qb6 8. Na4 Qa5+ 9. c3 Bxd4 10. Bxd4 e5 11. Be3 O-O 12. Bd3 d5 13. b4 Qc7 14. exd5 Nxd5 15. Bxh7+ Kxh7 16. Qxd5 Rd8 17. Qe4+ f5 18. Qh4+ Kg8 19. Bg5 Rd5 20. O-O Be6 21.
Rad1 Rxd1 22. Rxd1 Bb3 23. Rd3 Bxa4 24. Rh3 Rf8 25.
Qh7+ Kf7 26. Qxf5+ Ke8 27. Qe6+ Ne7 28. Rd3 Bc6 29. h4 a6 30. c4 e4 31. Rd1 e3 32.
Bxe3 Qc8 33. Qxc8+ Nxc8 34. Bg5 Nb6 35. Rd4 Nd7 36.
f3 Kf7 37. Kf2 Ke6 38. Bf4 Ne5 39. Bxe5 Kxe5 40. Rg4 Rf7 41. Ke3 Re7 42. Rg5+ Kf6+ 43. Kf2 Rd7 44. Ke3 Rd1 45. b5 axb5 46. cxb5 Be8 47.
Rc5 Ra1 48. Kf4 Rxa3 49. Rc7 Bxb5 50. Rxb7 Ra4+ 51. Kg3 Be8 52. Rb6+ Kf7 53. Rb7+ Kf6 54. Rb8 Kf7 55. Rb7+ Kf6 1/2-1/2

[Event "*** Titled Tuesday Blitz"]
[Site "Chess.com"]
[Date "2021.02.02"]
[Round "4"]
[White "AlexSuv"]
[Black "exoticprincess"]
[Result "0-1"]
[WhiteElo "2468"]
[BlackElo "2853"]
[TimeControl "180+1"]
[EndTime "10:42:43 PST"]
[Termination "exoticprincess won on time"]

1. d4 c6 2. c4 d5 3. Nc3 Nf6 4. e3 g6 5. Nf3 Bg7 6. Be2 O-O 7. O-O Na6 8. Ne5 Nc7 9. b3 Ne4 10. Bb2 Nxc3 11. Bxc3 Re8 12. Rc1 Be6 13. Bf3 Bxe5 14.
dxe5 dxc4 15. Qc2 cxb3 16. axb3 Nb5 17. Bb2 Qb6 18. h4 h5 19. Be4 Kg7 20. Rce1 Nc7 21. f4 Qxb3 22. Qf2 Bc4 23. f5 Bxf1 24. Rxf1 Rf8 25.
e6+ Kg8 26. Be5 Nxe6 27. fxe6 Qxe6 28. Qf4 Rad8 29. Bd4 Rxd4 30. exd4 Rd8 31. Bf3 Qd6 32. Qxd6 Rxd6 33. Ra1 a6 34. Rb1 b5 35. Ra1 Rxd4 36. Rxa6 c5 37. Rc6 Rc4 38. Be2 Rc1+ 39. Kf2 b4 40. Ke3 Kg7 41. Rc7 Kf6 42. Rb7 Rc3+ 43.
Kd2 e6 44. Bf3 Rc4 45. Rc7 Rxh4 46. Rxc5 g5 47. Rb5 g4 48. Ba8 Rh1 49. Rxb4 Kg5 50. Ke2 Ra1 51. Bb7 Ra2+ 52. Ke3 f5 53. Bc8 e5 54.
Rb5 Kf6 55. Rb6+ Kg5 56. Rb5 Ra3+ 57. Kf2 Kf4 58. Rb4+ e4 59. Rb5 Ra2+ 60. Kf1 Ke3 61. Kg1 f4 62. Rb3+ Kd4 63. Rb4+ Ke3 64. Rb1 f3 0-1

[Event "*** Titled Tuesday Blitz"]
[Site "Chess.com"]
[Date "2021.02.02"]
[Round "4"]
[White "ftorodent"]
[Black "Balla_Tamas"]
[Result "1-0"]
[WhiteElo "2705"]
[BlackElo "2496"]
[TimeControl "180+1"]
[EndTime "10:42:44 PST"]
[Termination "ftorodent won by resignation"]

1. d4 f5 2. g3 Nf6 3. Bg2 e6 4. c4 d5 5. Qc2 c6 6. Nh3 Bd6 7. Bf4 Be7 8. O-O O-O 9. Bg5 h6 10. Bxf6 Bxf6 11. e3 g5 12. f4 g4 13. Nf2 b6 14.
Nd2 Bb7 15. Rfc1 Nd7 16. cxd5 cxd5 17. Qc7 Ba6 18. Qd6 Qe7 19. Qxe7 Bxe7 20. Rc7 Rfd8 21. Rac1 Bd6 22. R7c6 Nf8 23. Bf1 Bb7 24. R6c2 Rac8 25. Nd3 Nd7 26. Nb3 Rxc2 27. Rxc2 Rc8 28. Rxc8+ Bxc8 29. Ne5 Nxe5 30. dxe5 Bb4 31. Kf2 Kf7 32. a3 Bf8 33. Bb5 Bb7 34. Ke2 a6 35. Bd3 h5 36.
Nd4 Bc5 37. Nb3 Bf8 38. Kd2 Ke7 39. Nd4 Kd7 40. b4 Be7 41. Kc3 h4 42. Nxf5 exf5 43. Bxf5+ Kd8 44. Bxg4 hxg3 45. hxg3 a5 46. Be6 axb4+ 47. axb4 Bc6 48. f5 Bg5 49. Kd4 Ke7 50.
Bxd5 Bxd5 51. Kxd5 Bxe3 52. g4 Bd2 53. b5 Bf4 54.
Ke4 Bd2 55. Kd5 Bf4 56. f6+ Kf7 57. Ke4 Bd2 58. Kf5 Bc3 59. e6+ Kf8 60. g5 Kg8 61. g6 Kf8 62. g7+ Kg8 63. Kg6 1-0

[Event "*** Titled Tuesday Blitz"]
[Site "Chess.com"]
[Date "2021.02.02"]
[Round "4"]
[White "anon219"]
[Black "Rsnr"]
[Result "0-1"]
[WhiteElo "2898"]
[BlackElo "2778"]
[TimeControl "180+1"]
[EndTime "10:42:45 PST"]
[Termination "Rsnr won on time"]

1. e4 c6 2. Nf3 d5 3. d3 g6 4.
e5 f6 5. d4 fxe5 6. Nxe5 Bg7 7.
Bd3 Nd7 8. Qe2 Nxe5 9. dxe5 Nh6 10. O-O O-O 11. Nd2 Bf5 12. f4 Qb6+ 13. Kh1 Bxd3 14. Qxd3 Ng4 15. Nf3 Rad8 16. h3 Nf2+ 17. Rxf2 Qxf2 18.
Be3 Qg3 19. Qb3 Bh6 20. Qxb7 Bxf4 21. Bxf4 Rxf4 22. Rf1 Rdf8 23. Qxc6 Rxf3 24. Rxf3 Qe1+ 25. Kh2 Qxe5+ 26. Rg3 e6 27. Qc3 Qxc3 28. Rxc3 Rf7 29. Rc6 Re7 30. Rd6 Kf7 31. a4 Kf6 32. Kg3 Ke5 33.
Rd8 Rc7 34. c3 Ke4 35. Rd6 e5 36. a5 d4 37. cxd4 exd4 38. b4 d3 39. b5 Rc5 40.
b6 axb6 41. axb6 Rb5 42. Kf2 Rb2+ 43. Kf1 Ke3 44. Re6+ Kd2 45. Rd6 Kc2 46. Rc6+ Kd1 47. Rd6 d2 48. Rc6 Rc2 49. b7 Rb2 50. Rc7 h5 51. g4 h4 52. Kf2 Rb6 53. Kg2 g5 0-1

[Event "*** Titled Tuesday Blitz"]
[Site "Chess.com"]
[Date "2021.02.02"]
[Round "4"]
[White "igorkovalenko"]
[Black "pheonixking2000"]
[Result "1-0"]
[WhiteElo "2877"]
[BlackElo "2726"]
[TimeControl "180+1"]
[EndTime "10:42:45 PST"]
[Termination "igorkovalenko won by resignation"]

1. e4 c6 2. Nc3 d5 3. Nf3 dxe4 4. Nxe4 Nf6 5. Qe2 Nxe4 6. Qxe4 Qa5 7. Qf4 Qf5 8. d3 Qxf4 9. Bxf4 f6 10. Nd2 e5 11.
Bg3 Be6 12. Be2 Nd7 13. O-O g5 14. h4 h6 15. Rfe1 O-O-O 16. Bh5 Bb4 17. Re2 Rhg8 18. a3 Bxd2 19. Rxd2 gxh4 20. Bxh4 Bg4 21. Bf7 Rg7 22. Ba2 Bf3 23. Bg3 Bd5 24. Bxd5 cxd5 25. d4 e4 26. Rc1 b5 27. Re2 f5 28. Bf4 Rg6 29. Re3 Kb7 30. Rh3 Rdg8 31. g3 Nf8 32. Rh5 Ne6 33.
Rxf5 Nxd4 34. Rf7+ Kc6 35. Kf1 h5 36. Rd1 Ne6 37. Be3 h4 38. gxh4 d4 39. Bg5 Rh8 40. Ke2 Kd5 41. Rf5+ Kc6 42. Re5 Re8 43. Rxe4 Kd5 44.
f3 Rf8 45. c3 Nc5 46. Rdxd4+ Kc6 47. Re5 Ne6 48. Rde4 Nc5 49. Re3 Rc8 50. f4 Nd7 51. Re6+ Rxe6 52. Rxe6+ Kd5 53. Re7 Nc5 54. Kf3 Nd3 55.
Rd7+ Kc4 56. Rd4+ 1-0

[Event "*** Titled Tuesday Blitz"]
[Site "Chess.com"]
[Date "2021.02.02"]
[Round "4"]
[White "jpS520"]
[Black "bylavochka"]
[Result "0-1"]
[WhiteElo "2258"]
[BlackElo "2092"]
[TimeControl "180+1"]
[EndTime "10:42:45 PST"]
[Termination "bylavochka won by resignation"]

1. e4 c5 2. Nf3 d6 3. Bb5+ Bd7 4. Bxd7+ Qxd7 5. O-O Nf6 6. Qe2 e6 7. d4 cxd4 8. Nxd4 Be7 9. c4 O-O 10. Nc3 Nc6 11.
Rd1 a6 12. b3 Qc7 13. Bb2 Nxd4 14. Rxd4 Nd7 15. Rad1 Ne5 16. h3 Nc6 17. R4d2 Rfd8 18. Rc1 Bg5 19. Qg4 Bxd2 20. Nd5 f5 21. Nf6+ Kh8 22.
Qh5 Bh6 23. Qxh6 gxh6 24. Ne8+ Kg8 25. Nxc7 Rac8 26. Nxe6 Re8 27. exf5 Ne7 28. f6 Kf7 29. Nf4 Ng6 30. Nd5 b5 31. Ba3 bxc4 32. bxc4 Ne5 33.
Bxd6 Nxc4 34. Be7 Ne5 35. Rb1 Rb8 36. Rc1 Rec8 37. Re1 Ng6 38. Bd6 Rb5 39. Nc7 Rb6 40. Be7 Rxc7 41. Bd8 Rcb7 42. Bxb6 Rxb6 43. g4 Rxf6 44.
Kg2 Nf4+ 45. Kg3 Nd3 46. Re2 Re6 47. Rd2 Nc5 48. h4 Ne4+ 0-1

[Event "*** Titled Tuesday Blitz"]
[Site "Chess.com"]
[Date "2021.02.02"]
[Round "4"]
[White "CalinGheorghiu"]
[Black "flexova"]
[Result "1-0"]
[WhiteElo "2254"]
[BlackElo "2410"]
[TimeControl "180+1"]
[EndTime "10:42:47 PST"]
[Termination "CalinGheorghiu won by resignation"]

1. e4 e6 2. d4 d5 3. Nc3 Nf6 4. e5 Nfd7 5. f4 c5 6. Nf3 Nc6 7. Be3 a6 8. Qd2 b5 9. a3 Qb6 10. Rd1 Bb7 11. Ne2 b4 12. axb4 cxb4 13. f5 exf5 14. Nf4 Nd8 15. Bd3 g6 16. h4 h5 17.
Ng5 Be7 18. e6 Bxg5 19. exd7+ Kxd7 20. hxg5 Ne6 21. O-O Nxg5 22. c3 h4 23. cxb4 h3 24. g3 Rae8 25. Rde1 Ne4 26. Qh2 Qxb4 27. Rc1 Nf6 28.
Bd2 Qxd4+ 29. Qf2 Qxf2+ 30. Kxf2 Ng4+ 31. Kg1 h2+ 32. Kh1 d4+ 33. Ng2 Rh3 34. Bf4 Ne3 35. Bxe3 Rxe3 36. Rxf5 Rxd3 37. Rxf7+ Kd6 38. Rxb7 Rhxg3 39.
Rb6+ Kd5 40. Nf4+ Ke4 41. Nxd3 Rxd3 42. Rxg6 Rd2 43. Rg2 Kd3 44. Rc6 a5 45. Ra6 Rxg2 46. Kxg2 Kc2 47. Rxa5 Kxb2 48. Rd5 Kc3 49. Kxh2 d3 50.
Kg2 d2 51. Kf2 Kc2 52. Ke2 1-0

[Event "*** Titled Tuesday Blitz"]
[Site "Chess.com"]
[Date "2021.02.02"]
[Round "4"]
[White "starplatinum2030"]
[Black "Chuchofrio1"]
[Result "0-1"]
[WhiteElo "2026"]
[BlackElo "2260"]
[TimeControl "180+1"]
[EndTime "10:42:47 PST"]
[Termination "Chuchofrio1 won on time"]

1. Nf3 Nf6 2. e3 g6 3. d4 Bg7 4. Nbd2 d6 5. b3 O-O 6. Bb2 Nc6 7. c4 Bg4 8. Be2 Qe8 9. h3 Bd7 10. O-O e5 11. dxe5 dxe5 12. a3 Nh5 13. Ng5 h6 14.
Nge4 b6 15. Bxh5 gxh5 16. Ng3 f5 17. Nxh5 Bh8 18. Qf3 Qg6 19. Qd5+ Rf7 20. Ng3 Rf8 21. Nf3 f4 22. exf4 exf4 23. Nh4 Qg5 24. Bxh8 Qxh4 25. Bb2 fxg3 26. fxg3 Qxg3 27. Rxf7 Rxf7 28. Rf1 Qg6 29. Rf6 Qh7 30. Kh2 Kf8 31. Rxc6 Bxc6 32. Qxc6 Qf5 33. Qa8+ Ke7 34. Qc6 Qf4+ 35. Kg1 Qf2+ 36. Kh2 Qxb2 37. Qxc7+ Kf6 38. Qd6+ Kg7 39. Qg3+ Kh7 40. Qd3+ Kg8 41.
Qd8+ Kh7 42. Qd3+ Kh8 43. Qd8+ Kg7 44. Qd6 Qf6 45. Qg3+ Qg6 46. Qc3+ Kh7 47. Qf3 Rg7 48. Qf2 Qd6+ 49. g3 Qg6 50. Kg2 Rf7 51. Qe2 Qf6 52.
g4 Qf4 53. Qd3+ Kh8 54. Qc3+ Qf6 0-1

[Event "*** Titled Tuesday Blitz"]
[Site "Chess.com"]
[Date "2021.02.02"]
[Round "4"]
[White "KubaGepard"]
[Black "kagg1125"]
[Result "0-1"]
[WhiteElo "2329"]
[BlackElo "2588"]
[TimeControl "180+1"]
[EndTime "10:42:48 PST"]
[Termination "kagg1125 won by checkmate"]

1. e4 e5 2. Nf3 Nc6 3. d4 exd4 4. Bb5 a6 5. Ba4 Bc5 6. O-O Nge7 7. Nbd2 b5 8. Bb3 O-O 9. a4 Bb7 10. Qe2 bxa4 11.
Rxa4 d5 12. e5 a5 13. Rd1 Ba6 14. Qe1 Bb5 15. Nf1 Bxa4 16. Bxa4 Qb8 17. c3 dxc3 18. bxc3 Qb6 19. Ne3 Rad8 20. Ng4 Ng6 21. Qd2 d4 22. Bxc6 Qxc6 23. cxd4 Bb4 24. Qg5 h6 25.
Qh5 Ne7 26. Nh4 Qc2 27. Rf1 Bd2 28. Bxd2 Qxd2 29. Nf3 Qf4 30. g3 Qf5 31. Qxh6 gxh6 32. Nxh6+ Kg7 33. Nxf5+ Nxf5 34. Rd1 Rd5 35. g4 Ne7 36.
Kf1 Rfd8 37. Ke2 c5 38. Ra1 cxd4 39. Kd3 Ng6 40. Ke4 d3 41. h4 d2 42. Rd1 Rc5 43.
h5 Nxe5 44. Nxe5 Rc1 45. h6+ Kh7 46. Rxd2 Rxd2 47. Nxf7 Rxf2 48. g5 Rxf7 49. Ke5 Kg6 50. h7 Re1+ 51. Kd6 Rxh7 52. Kd5 a4 53. Kc4 a3 54.
Kb3 a2 55. Kxa2 Rb7 56. Ka3 Re8 57. Ka4 Ra8# 0-1